 Dungeon Crawl Stone Soup version 0.30-b1-2-g02819fbbbe (webtiles) character file.

Game seed: 8327102626923300446

250048 Armakuni the Ruinous (level 20, -19/125 HPs)
             Began as a Human Conjurer on May 18, 2023.
             Was an Initiate of Gozag.
             Killed from afar by an ironbound thunderhulk (56 damage)
             ... with a bolt of lightning
             ... on level 1 of the Vaults.
             The game lasted 03:44:00 (48868 turns).

Armakuni the Ruinous (Human Conjurer)              Turns: 48868, Time: 03:44:00

Health: -19/125    AC: 14    Str: 12    XL:     20   Next: 41%
Magic:  18/39      EV: 11    Int: 29    God:    Gozag
Gold:   2542       SH:  0    Dex: 25    Spells: 10/49 levels left

rFire   + + .        a - staff of conjuration "Gyfy" {Dex+5}
rCold   + . .        e - orb {*channel}
rNeg    + . .        c - +3 swamp dragon scales
rPois   +            n - +2 hat {Will+}
rElec   .            A - scarf {rC+ rF+}
rCorr   .            r - +0 pair of gloves
SInv    .            H - -2 pair of boots "Loefocio" {rF+ rN+ Regen+ Dex+2}
Will    ++++.        M - amulet of magic regeneration
Stlth   ++           I - +6 ring of intelligence
HPRegen 1.20/turn    P - ring of Birdsong {rPois Will++ Dex+6}
MPRegen 0.66/turn

%: channel magic (20%)
@: no status effects
A: no striking features
}: 2/15 runes: barnacled, gossamer
a: Renounce Religion, Potion Petition, Call Merchant, Bribe Branch


You were on level 1 of the Vaults.
You worshipped Gozag.
Gozag was most pleased with you.
You visited 7 branches of the dungeon, and saw 32 of its levels.
You also visited: Bailey and Gauntlet.

You collected 13241 gold pieces.
You spent 4099 gold pieces at shops.
You paid 6600 gold pieces to Gozag.

Inventory:

Hand Weapons
 b - the +4 dagger of Tumult {heavy, rF+ rCorr MP+9 Str+3}
   (You found it on level 15 of the Dungeon)

   Str:       It affects your strength (+3).
   rF:        It protects you from fire.
   MP:        It affects your magic capacity (+9).
   rCorr:     It protects you from acid and corrosion.
Missiles
 o - 17 throwing nets (quivered)
 B - 6 boomerangs of dispersal
Armour
 c - +3 swamp dragon scales (worn)
 e - an orb of energy (worn)
 n - a +2 hat of willpower (worn)
 r - a +0 pair of gloves (worn)
 A - a scarf of resistance (worn)
 H - the -2 pair of boots "Loefocio" (worn) {rF+ rN+ Regen+ Dex+2}
   (You acquired it on level 4 of the Spider Nest)

   Dex:       It affects your dexterity (+2).
   rF:        It protects you from fire.
   rN:        It protects you from negative energy.
   Regen:     It increases your rate of health regeneration.
Magical Staves
 a - the staff of conjuration "Gyfy" (weapon) {Dex+5}
   (You acquired it on level 4 of the Shoals)

   [staff of conjuration]

   Base accuracy: +5 Base damage: 5 Base attack delay: 1.2 This weapon's minimum
   attack delay (0.6) is reached at skill level 12.
   Dex:       It affects your dexterity (+5).
   It falls into the 'Staves' category.
   It is a one-handed weapon.
Jewellery
 I - a +6 ring of intelligence (left hand)
 M - an amulet of magic regeneration (around neck)
 P - the ring of Birdsong (right hand) {rPois Will++ Dex+6}
   (You found it on level 1 of the Shoals)

   [ring of dexterity]

   Dex:       It affects your dexterity (+6).
   rPois:     It protects you from poison.
   Will:      It greatly increases your willpower.
 V - the ring "Nopiwuor" {+Blink rC+ Str+6 Dex+2}
   (You found it on level 1 of the Shoals)

   [ring of strength]

   Str:       It affects your strength (+6).
   Dex:       It affects your dexterity (+2).
   rC:        It protects you from cold.
   +Blink:    It lets you blink.
Wands
 k - a wand of digging (3)
 m - a wand of flame (24)
 p - a wand of polymorph (25)
 G - a wand of mindburst (9)
 J - a wand of paralysis (14)
Scrolls
 f - 3 scrolls of enchant weapon
 j - 2 scrolls of poison
 q - a scroll of immolation
 t - a scroll of blinking
 u - 11 scrolls of teleportation
 v - 7 scrolls of vulnerability
 x - 13 scrolls of identify
 C - 4 scrolls of noise
 E - a scroll of fog
 O - 3 scrolls of magic mapping
Potions
 d - 2 potions of flight
 g - a potion of resistance
 h - 8 potions of cancellation
 l - 2 potions of haste
 s - 6 potions of heal wounds
 z - a potion of brilliance
 F - 5 potions of curing
 L - 5 potions of lignification
 N - a potion of berserk rage
 Q - 5 potions of might
 U - 7 potions of ambrosia
 X - 8 potions of mutation
Miscellaneous
 i - a phantom mirror
 y - a box of beasts (inert)


   Skills:
 + Level 2.6 Fighting
 + Level 2.6 Staves
 - Level 6.2 Armour
 - Level 2.0 Dodging
 - Level 2.0 Stealth
 - Level 15.0 Spellcasting
 - Level 21.2 Conjurations
 - Level 4.0 Hexes
 - Level 5.6 Translocations
 - Level 19.1 Ice Magic
 - Level 3.0 Air Magic
 - Level 8.0 Earth Magic


You had 10 spell levels left.
You knew the following spells:

 Your Spells              Type           Power      Damage    Failure   Level
a - Apportation           Tloc           100%       N/A       3%          1
e - Metabolic Englaciati  Hex/Ice        36%        N/A       5%          5
h - Swiftness             Air            39%        N/A       13%         3
j - Freezing Cloud        Conj/Ice/Air   51%        6-21      3%          5
m - Iskenderun's Mystic   Conj/Tloc      99%        2d19      2%          4
o - Ozocubu's Refrigerat  Ice            46%        4d17      7%          7
s - Sublimation of Blood  Necr           21%        N/A       19%         2
v - Vhi's Electric Charg  Tloc/Air       92%        N/A       9%          3
z - Iron Shot             Conj/Erth      51%        9d10      8%          6
A - Ozocubu's Armour      Ice            93%        N/A       1%          3

Your spell library contained the following spells:

 Spells                   Type           Power      Damage    Failure   Level
 Magic Dart               Conj           100%       1d8       1%          1
 Shock                    Conj/Air       100%       1d9       1%          1
 Searing Ray              Conj           100%       2d8       1%          2
 Dazzling Flash           Conj/Hex       100%       N/A       1%          3
 Frozen Ramparts          Ice            100%       1d16      1%          3
 Stone Arrow              Conj/Erth      100%       3d13      1%          3
 Fulminant Prism          Conj/Hex       48%        3d21      2%          4
 Mephitic Cloud           Conj/Pois/Air  80%        N/A       3%          3
 Slow                     Hex            100%       N/A       4%          1
 Arcjolt                  Conj/Air       47%        1d57      4%          5
 Gell's Gravitas          Tloc           53%        N/A       6%          3
 Teleport Other           Tloc           53%        N/A       6%          3
 Portal Projectile        Hex/Tloc       98%        N/A       8%          3
 Confusing Touch          Hex            44%        N/A       10%         3
 Tukima's Dance           Hex            44%        N/A       10%         3
 Poisonous Vapours        Pois/Air       60%        N/A       12%         2
 Volatile Blastmotes      Fire/Tloc      76%        2d16      13%         3
 Beastly Appendage        Tmut           42%        N/A       14%         1
 Necrotise                Necr           84%        1d8       14%         1
 Summon Small Mammal      Summ           84%        N/A       14%         1
 Cigotuvi's Dreadful Rot  Necr/Pois/Air  54%        N/A       14%         2
 Manifold Assault         Tloc           53%        N/A       14%         4
 Passage of Golubria      Tloc           53%        N/A       14%         4
 Summon Guardian Golem    Hex/Summ       33%        N/A       17%         3
 Call Imp                 Summ           42%        N/A       19%         2
 Wereblood                Tmut           21%        N/A       19%         2
 Animate Armour           Summ/Erth      88%        N/A       22%         4
 Starburst                Conj/Fire      45%        6d13      22%         6
 Airstrike                Air            19%        2d(3-19)  30%         4
 Call Canine Familiar     Summ           21%        N/A       32%         3
 Spider Form              Tmut/Pois      21%        N/A       32%         3
 Vampiric Draining        Necr           21%        2d7       32%         3
 Dispel Undead            Necr           21%        3d11      63%         4
 Olgreb's Toxic Radiance  Pois           21%        N/A       63%         4
 Yara's Violent Unravell  Hex/Tmut       16%        3d8       71%         5
 Dispersal                Tloc           26%        N/A       77%         6
 Lehudib's Crystal Spear  Conj/Erth      51%        10d12     78%         8
 Alistair's Intoxication  Tmut/Pois      14%        N/A       90%         5
 Blade Hands              Tmut           10%        N/A       90%         5
 Death Channel            Necr           10%        N/A       100%        6
 Eringya's Noxious Bog    Tmut/Pois      10%        N/A       100%        6
 Dragon Form              Tmut           10%        N/A       100%        7
 Haunt                    Necr/Summ      10%        N/A       100%        7
 Summon Hydra             Summ           10%        N/A       100%        7
 Disjunction              Tloc           26%        N/A       100%        8
 Infestation              Necr           10%        N/A       100%        8
 Maxwell's Capacitive Co  Air            19%        ∞         100%        8
 Simulacrum               Ice/Necr       Unusable   N/A       N/A         6
 Animate Dead             Necr           Unusable   N/A       N/A         4

Dungeon Overview and Level Annotations

Branches:
Dungeon (15/15)            Temple (1/1) D:6            Lair (5/5) D:11
 Shoals (4/4) Lair:2       Spider (4/4) Lair:3        Slime (0/5) Lair:5
    Orc (2/2) D:10            Elf (0/3) Orc:2        Vaults (1/5) D:14
 Depths (0/4) D:15         Bailey (visited)         Gauntlet (visited)

Altars:
Ashenzari
Cheibriados
Dithmenos
Elyvilon
Fedhas
Gozag
Hepliaklqana
Kikubaaqudgha
Makhleb
Nemelex Xobeh
Okawaru
Qazlal
Ru
Sif Muna
Trog
Uskayaw
Vehumet
Wu Jian
Xom
Yredelemnul
Zin
The Shining One

Shops:
D:1 ?*   D:9 :!   Orc:2 [(**   Lair:1 [:[:=   Vaults:1 ?

Portals:
Hell: Lair:5
Trove: D:14 (show abyssal rune of Zot)

Annotations:
Spider:2 3 runed translucent doors, Tacit's ghost, journeyman GrMo
Orc:1 2 transporters


Message History

The vault warden is no longer distracted by gold.
The vault warden shouts!
The vault warden is heavily wounded.
The yaktaur captain is severely wounded.
You kill the yaktaur!
The ironbound frostheart resists.
The ironbound frostheart is heavily wounded.
The ironbound preserver is heavily wounded.
The deep troll is moderately wounded.
You kill the deep troll!
The deep troll is heavily wounded.
A yaktaur comes into view.
The deep troll is distracted by your dazzling golden aura.
The yaktaur captain wields a +0 arbalest.
The yaktaur captain shoots a bolt.
The bolt hits you!!
The ironbound frostheart calls freezing cold from the walls.
The frost grips you! You resist.
You are encased in ice.
The ironbound preserver casts a spell.
The ironbound preserver is healed somewhat.
The deep troll shouts!
Okay, then.
The ironbound preserver is distracted by your dazzling golden aura.
The yaktaur captain shoots a bolt.
The bolt hits you!!
* * * LOW HITPOINT WARNING * * *
The ironbound preserver shouts!
Blink to where?
Press: ? - help, Dir - move target
As you read the scroll of blinking, it crumbles to dust.
The ice encasing you melts away.
There is an open door here.
Things that are here:
a +0 morningstar; a +0 ring mail You open the door.
An ironbound thunderhulk comes into view.
It is wielding a +0 dire flail.
The ironbound thunderhulk shouts!
Electricity crackles from the ironbound thunderhulk's apparatus.
The bolt of lightning hits you!!!
You die...
Your body crumbles into a pile of gold.

#######.......# ######
######### ...# #....########
########## #....#...#..#
#.#......# ##....#...#..#
#.#......#
.#....#...#..####+##.#......#
.#....###'#.....@....#......#
.#....#.......##'##..###'####
##....##'####.#...#...#.....#
.'....'.....#.#..O#)..'.....#
.#....#.....#.#####...#.....#
.)....#.....#.........#.(...#
##.[..##############'#########
.#....# #...........# .#....#
#...........#


You could see an ironbound thunderhulk.

Vanquished Creatures
  Jorgrun (D:12)
  6 krakens
  The ghost of t4s4d4r the Severer, an adept FoFi of Okawaru (Spider:4)
  Kirke (D:14)
  Ilsuiw (Shoals:2)
  The ghost of steph the Warrior, an adept DjFE of Makhleb (Shoals:1)
  2 frost giants
  6 ghost moths
  2 vault wardens (Vaults:1)
  Aizul (Spider:4)
  3 emperor scorpions
  2 ironbound preservers (Vaults:1)
  4 broodmothers (Spider:4)
  The ghost of Jiecrehi the Severer, a journeyman DDFi of Makhleb (D:15)
  An ironbound thunderhulk (Vaults:1)
  2 minotaurs
  2 spark wasps
  A dire elephant (Lair:5)
  Snorg (D:13)
  The ghost of dxctxrx the Martial Artist, a journeyman GnTm of Okawaru (D:11)
  7 merfolk impalers
  2 merfolk javelineers
  Harold (Orc:1)
  6 entropy weavers
  A great orb of eyes (Vaults:1)
  Fannar (Lair:3)
  An ice dragon (D:12)
  A hell beast (Lair:5)
  4 hydras
  2 vault guards (Vaults:1)
  2 catoblepae
  5 ironbound frosthearts (Vaults:1)
  An ogre mage (D:15)
  2 merfolk avatars
  A satyr (Shoals:3)
  6 boulder beetles
  2 radroaches
  6 merfolk aquamancers
  11 centaur warriors
  2 dancing weapons (D:14)
  2 alligator snapping turtles
  15 two-headed ogres
  4 tengu warriors
  4 death yaks
  8 orc high priests (Orc:2)
  A skyshark (Lair:5)
  5 sun moths
  A pharaoh ant (Lair:3)
  7 sea snakes
  9 deep trolls (Vaults:1)
  4 orb spiders
  A deep elf archer (D:12)
  2 ironbound convokers (Vaults:1)
  5 harpies
  9 steelbarb worms
  6 wizards
  3 orc knights (Orc:2)
  An oklob plant (Lair:3)
  A deep elf pyromancer (D:12)
  16 ugly things
  9 cyclopes
  15 manticores
  17 elephants
  19 fauns
  A moth of wrath (Spider:2)
  18 wolf spiders
  13 merfolk sirens
  A cyclops (shapeshifter) (D:12)
  11 black mambas
  6 torpor snails
  7 vault sentinels (Vaults:1)
  4 water nymphs
  6 demonic crawlers
  An orange demon (Lair:5)
  19 cane toads
  3 gargoyles
  3 unseen horrors
  10 rime drakes
  Psyche (D:8)
  4 ice devils (Lair:5)
  10 komodo dragons
  10 yaktaurs (Vaults:1)
  A queen bee (Spider:1)
  4 trolls
  38 merfolk
  3 meliai (Spider:1)
  A hellwing (Lair:5)
  4 wind drakes
  A wolf spider simulacrum (D:15)
  A hornet (D:9)
  4 polar bears
  28 tarantellas
  8 snapping turtles
  10 dream sheep
  16 blink frogs
  23 slime creatures
  A shadow (D:11)
  A centaur simulacrum (D:15)
  3 wraiths
  23 jumping spiders
  4 water elementals
  20 culicivoras
  3 wyverns
  A vampire (D:12)
  A human (D:14)
  5 basilisks
  49 yaks
  3 steam dragons
  2 hogs (D:14)
  63 redbacks
  Grum (D:8)
  9 wargs (Orc:2)
  9 vampire mosquitoes
  3 acid dragons
  4 hell hounds (Lair:5)
  16 water moccasins
  8 ice beasts
  22 orc warriors
  2 black bears
  17 wolves
  12 ogres
  19 centaurs
  2 kobold brigands
  10 bullfrogs
  2 gnoll sergeants (D:12)
  A scorpion (D:3)
  12 wights
  A hornet simulacrum (D:15)
  17 killer bees
  3 howler monkeys
  5 electric eels
  A lava snake (D:10)
  6 jellies
  3 gnoll boudas
  A hound (D:7)
  37 orc priests
  26 orc wizards
  An iguana (D:5)
  A boggart simulacrum (D:12)
  18 gnolls
  9 adders
  2 shadow imps (D:6)
  4 ufetubi
  4 dart slugs
  117 orcs
  2 endoplasms
  A giant cockroach (D:1)
  10 goblins
  10 hobgoblins
  4 jackals (D:2)
  17 kobolds
  5 quokkas
  15 ball pythons
  10 bats
  A frilled lizard (D:1)
  6 rats
  9 tentacles
1212 creatures vanquished.

Vanquished Creatures (collateral kills)
  Frances (D:12)
  A ghost moth (Spider:4)
  A sea snake (Shoals:4)
  A manticore (Shoals:4)
  A merfolk (Shoals:4)
5 creatures vanquished.

Vanquished Creatures (others)
  A meliai (shapeshifter) (D:14)
  2 humans (D:14)
  A steam dragon (D:12)
  An orc warrior (Orc:1)
  An orc wizard (D:8)
  An orc (D:13)
  75 fulminant prisms
  21 fungi
  175 plants
  38 tentacles
316 creatures vanquished.

Grand Total: 1533 creatures vanquished

Notes
Turn   | Place    | Note
-------+----------+-------------------------------------------
     0 | D:1      | Armakuni the Human Conjurer began the quest for the Orb.
     0 | D:1      | Reached XP level 1. HP: 13/13 MP: 3/3
   224 | D:1      | Reached XP level 2. HP: 19/19 MP: 0/5
   280 | D:1      | Learned a level 2 spell: Searing Ray
   450 | D:1      | Found Terout's Assorted Antiques.
   801 | D:1      | Reached XP level 3. HP: 21/24 MP: 3/6
   979 | D:1      | Found Ryekyo's Magic Scroll Shop.
  1171 | D:2      | Reached skill level 5 in Conjurations
  1586 | D:2      | Found a shadowy altar of Dithmenos.
  1603 | D:2      | Reached XP level 4. HP: 30/30 MP: 4/7
  1973 | D:2      | Learned a level 4 spell: Iskenderun's Mystic Blast
  2167 | D:3      | Noticed an ice beast
  2243 | D:3      | Found a hide-covered altar of Uskayaw.
  2667 | D:4      | Reached XP level 5. HP: 35/35 MP: 1/8
  2835 | D:4      | Found a glowing golden altar of the Shining One.
  2911 | D:4      | Found an opulent altar of Gozag.
  2924 | D:4      | Reached skill level 6 in Conjurations
  3013 | D:4      | Became a worshipper of Gozag Ym Sagoz the Greedy
  3542 | D:3      | Reached XP level 6. HP: 41/41 MP: 5/9
  3754 | D:3      | Found a shadowy altar of Dithmenos.
  3957 | D:4      | Reached skill level 7 in Conjurations
  4914 | D:5      | Entered Level 5 of the Dungeon
  5210 | D:5      | Reached XP level 7. HP: 46/46 MP: 3/10
  5272 | D:5      | Found a blossoming altar of Fedhas.
  5723 | D:5      | Reached skill level 8 in Conjurations
  5830 | D:6      | Found a staircase to the Ecumenical Temple.
  5871 | Temple   | Entered the Ecumenical Temple
  5895 | D:6      | Learned a level 4 spell: Fulminant Prism
  6027 | D:6      | Reached skill level 9 in Conjurations
  6104 | D:6      | Found a burning altar of Makhleb.
  6147 | D:6      | Noticed a wraith
  6226 | D:6      | Reached XP level 8. HP: 52/52 MP: 4/11
  6409 | D:6      | Reached skill level 10 in Conjurations
  6954 | D:6      | Found Noim's Distillery.
  6990 | D:6      | Bought a potion of curing for 33 gold pieces
  6990 | D:6      | Bought a potion of heal wounds for 55 gold pieces
  6990 | D:6      | Bought a potion of degeneration for 11 gold pieces
  7117 | D:6      | Reached skill level 11 in Conjurations
  7356 | D:6      | Killed a wraith
  7357 | D:6      | Reached XP level 9. HP: 45/57 MP: 5/12
  7543 | D:6      | Found a snail-covered altar of Cheibriados.
  7573 | D:6      | Reached skill level 1 in Hexes
  7573 | D:6      | Reached skill level 1 in Translocations
  7867 | D:6      | Learned a level 1 spell: Slow
  8013 | D:7      | Found a flagged portal.
  8067 | Bailey   | Entered a bailey
  8787 | D:7      | Noticed a gargoyle
  8806 | D:7      | Killed a gargoyle
  8923 | D:7      | Found a faded altar of an unknown god.
  8924 | D:7      | Found a hazy altar of Hepliaklqana.
  9034 | D:7      | Found a radiant altar of Vehumet.
  9082 | D:7      | Reached skill level 5 in Spellcasting
  9088 | D:7      | Reached XP level 10. HP: 62/63 MP: 5/17
  9465 | D:8      | Noticed Grum
  9470 | D:8      | Killed Grum
  9471 | D:8      | Noticed Psyche
  9481 | D:8      | Killed Psyche
 10015 | D:8      | Found a broken altar of Ashenzari.
 10392 | D:8      | Found a shimmering blue altar of Sif Muna.
 10474 | D:8      | Found a stormy altar of Qazlal.
 10521 | D:9      | Bought a potion of heal wounds for 60 gold pieces
 10521 | D:9      | Bought a potion of heal wounds for 60 gold pieces
 10521 | D:9      | Bought a potion of heal wounds for 60 gold pieces
 10521 | D:9      | Bought a potion of mutation for 96 gold pieces
 10945 | D:9      | Reached XP level 11. HP: 66/68 MP: 4/24
 11632 | D:6      | Bought a potion of heal wounds for 55 gold pieces
 11632 | D:6      | Bought a potion of magic for 88 gold pieces
 11632 | D:6      | Bought a potion of flight for 33 gold pieces
 11765 | D:1      | Bought a scroll labelled NUCUHO UMIKK for 17 gold pieces
 11765 | D:1      | Bought a sapphire potion for 15 gold pieces
 11882 | D:6      | Bought a potion of brilliance for 44 gold pieces
 11882 | D:6      | Bought a potion of cancellation for 88 gold pieces
 11956 | D:9      | Found Ovyanagg's Book Shop.
 11965 | D:9      | Bought the Vellum of the Arenous Nimbus for 240 gold pieces
 11973 | D:9      | Learned a level 6 spell: Iron Shot
 12303 | D:10     | Entered Level 10 of the Dungeon
 12368 | D:10     | Reached skill level 10 in Spellcasting
 12372 | D:10     | Reached skill level 1 in Earth Magic
 12733 | D:10     | Found a staircase to the Orcish Mines.
 12810 | Orc:1    | Entered Level 1 of the Orcish Mines
 12817 | Orc:1    | Noticed Harold
 12826 | D:10     | Noticed a two-headed ogre
 13156 | D:10     | Found a white marble altar of Elyvilon.
 13199 | D:9      | Bought a book of Vapours for 312 gold pieces
 13206 | D:9      | Learned a level 5 spell: Freezing Cloud
 13331 | D:10     | Found a bloodstained altar of Trog.
 13410 | D:10     | Noticed a two-headed ogre
 13415 | D:10     | Killed a two-headed ogre
 13416 | D:10     | Reached skill level 5 in Earth Magic
 13631 | D:10     | Killed a two-headed ogre
 13918 | D:10     | Reached skill level 1 in Ice Magic
 13918 | D:10     | Reached skill level 1 in Air Magic
 14228 | D:11     | Noticed a two-headed ogre
 14240 | D:11     | Killed a two-headed ogre
 14248 | D:11     | Noticed a brown ugly thing
 14268 | D:11     | Killed a white ugly thing
 14448 | D:11     | Noticed a two-headed ogre
 14462 | D:11     | Killed a two-headed ogre
 14463 | D:11     | Reached skill level 12 in Conjurations
 14463 | D:11     | Reached XP level 12. HP: 74/74 MP: 24/26
 15042 | D:11     | Reached skill level 13 in Conjurations
 15085 | D:11     | Found a staircase to the Lair.
 15366 | D:11     | Noticed a two-headed ogre
 15374 | D:11     | Killed a two-headed ogre
 15375 | D:11     | Noticed Sonja
 15376 | D:11     | Sonja changed into Sonja the basilisk
 15376 | D:11     | Noticed Sonja
 15379 | D:11     | Killed Sonja the basilisk
 15580 | D:11     | Noticed a boulder beetle
 15666 | D:11     | Found a runed translucent gate.
 15666 | D:11     | Found a runed translucent gate.
 15671 | D:11     | Found a runed translucent gate.
 15671 | D:11     | Noticed a two-headed ogre
 15672 | D:11     | Noticed a minotaur
 15673 | D:11     | Noticed dxctxrx's ghost (journeyman GnTm)
 15703 | D:11     | Killed a boulder beetle
 16238 | Lair:1   | Entered Level 1 of the Lair of Beasts
 17059 | Lair:2   | Reached XP level 13. HP: 79/79 MP: 22/28
 17062 | Lair:2   | Noticed a catoblepas
 17129 | Lair:2   | Killed a catoblepas
 17282 | Lair:2   | Found a gate leading to a gauntlet.
 17452 | Lair:2   | Reached skill level 14 in Conjurations
 17466 | Gauntlet | Entered a Gauntlet
 17466 | Gauntlet | Found a transporter.
 17483 | Gauntlet | Noticed a catoblepas
 17606 | Gauntlet | Found a transporter.
 17606 | Gauntlet | Found a transporter.
 17607 | Gauntlet | Found a transporter.
 17611 | Gauntlet | Found a runed translucent door.
 17611 | Gauntlet | Found a runed translucent door.
 17615 | Gauntlet | Found a transporter.
 17618 | Gauntlet | Found a transporter.
 17619 | Gauntlet | Found a transporter.
 17621 | Gauntlet | Noticed an entropy weaver
 17630 | Gauntlet | Found a transporter.
 17631 | Gauntlet | Found a transporter.
 17632 | Gauntlet | Found a transporter.
 17638 | Gauntlet | Found a runed translucent gate.
 17638 | Gauntlet | Found a runed translucent gate.
 17638 | Gauntlet | Noticed a green death
 17640 | Gauntlet | Found a runed translucent gate.
 17640 | Gauntlet | Found a transporter.
 17643 | Gauntlet | Found a transporter.
 17644 | Gauntlet | Found a transporter.
 17657 | Gauntlet | Found a transporter.
 17689 | Gauntlet | Found a runed translucent door.
 17748 | Gauntlet | Identified the +7 broad axe of Unpleasantness {freeze,
                  | Str+4 Dex+2}
 17748 | Gauntlet | Noticed a minotaur
 17764 | Gauntlet | Killed a minotaur
 17930 | Gauntlet | Identified the +0 ring mail of the Solemn God {Fly}
 18286 | Lair:2   | Learned a level 3 spell: Swiftness
 18477 | Lair:2   | Found a staircase to the Shoals.
 18605 | Lair:3   | Reached skill level 15 in Conjurations
 18652 | Lair:3   | Noticed Fannar
 18658 | Lair:3   | Killed Fannar
 19039 | Lair:3   | Noticed a four-headed hydra
 19041 | Lair:3   | Killed a four-headed hydra
 19051 | Lair:3   | Got the Parchment of Venom
 19476 | Lair:3   | Reached skill level 16 in Conjurations
 19564 | Lair:3   | Found a hole to the Spider Nest.
 20060 | Lair:4   | Identified the +11 flail of the Rescuing Gods {venom, *Slow
                  | rElec rC++}
 20087 | Lair:4   | Reached XP level 14. HP: 73/85 MP: 24/29
 20311 | Lair:4   | Got Vishrafa's Almanac of Transposed Permutations
 20330 | Lair:4   | Reached skill level 17 in Conjurations
 21543 | Lair:5   | Entered Level 5 of the Lair of Beasts
 21551 | Lair:5   | Reached skill level 18 in Conjurations
 22201 | Lair:5   | Reached skill level 19 in Conjurations
 22232 | Lair:5   | Found a staircase to the Slime Pits.
 22418 | Lair:5   | Reached XP level 15. HP: 90/90 MP: 17/30
 22653 | Lair:5   | Learned a level 3 spell: Vhi's Electric Charge
 22927 | Lair:5   | Reached skill level 20 in Conjurations
 23097 | Lair:5   | Found a burning altar of Makhleb.
 23123 | Lair:5   | Found a gateway to Hell.
 23130 | Lair:5   | Identified the +3 shortbow of Bumac {heavy, rC+}
 24162 | Orc:1    | Killed Harold
 24269 | Orc:1    | Found a transporter.
 24409 | Orc:1    | Found a transporter.
 24428 | Orc:2    | Entered Level 2 of the Orcish Mines
 24610 | Orc:2    | HP: 2/90 [orc priest/divine providence (10)]
 25268 | Orc:2    | Reached skill level 21 in Conjurations
 25450 | Orc:2    | Found Cumup's Armour Shoppe.
 25450 | Orc:2    | Found Semututo's Weapon Boutique.
 25459 | Orc:2    | Bought an orb of energy for 176 gold pieces
 25692 | Orc:2    | Found a staircase to the Elven Halls.
 26171 | Orc:2    | Found Viuzeone's Assorted Antiques.
 26228 | Orc:2    | Found Uvvic's Assorted Antiques.
 26288 | Orc:2    | Bought a potion of mutation for 176 gold pieces
 26376 | Orc:2    | Bought a scroll of fear for 100 gold pieces
 26712 | D:11     | Killed dxctxrx's ghost
 26848 | D:11     | Reached skill level 5 in Translocations
 27102 | D:9      | Bought a book of Armaments for 432 gold pieces
 27184 | Lair:1   | Bought Beicev's Elucidation of Gaseous Refrigeration for
                  | 432 gold pieces
 27189 | Lair:1   | Learned a level 3 spell: Frozen Ramparts
 27197 | Lair:1   | Learned a level 7 spell: Ozocubu's Refrigeration
 27268 | D:12     | Noticed Frances
 27287 | D:12     | Killed Frances
 27454 | D:12     | Reached XP level 16. HP: 96/96 MP: 27/31
 27454 | D:12     | Noticed Jorgrun
 27463 | D:12     | Killed Jorgrun
 27465 | D:12     | Reached skill level 5 in Ice Magic
 27774 | D:12     | Noticed Maurice
 27789 | D:12     | Maurice changed into Maurice the steam dragon
 27789 | D:12     | Noticed Maurice
 27815 | D:12     | Killed Maurice the steam dragon
 29249 | D:13     | Noticed Snorg
 29256 | D:13     | Killed Snorg
 29643 | D:13     | You fall into a shaft and drop 1 floor!
 29933 | D:14     | Found a gate to the Vaults.
 29989 | D:14     | Reached skill level 10 in Ice Magic
 30115 | D:14     | Noticed Kirke
 30119 | D:14     | Killed Kirke
 31270 | D:14     | Found a broken altar of Ashenzari.
 31884 | D:14     | Found a portal to a secret trove of treasure.
 31936 | D:15     | Entered Level 15 of the Dungeon
 32251 | D:15     | Paralysed by an ogre mage for 2 turns
 32255 | D:15     | Reached XP level 17. HP: 94/101 MP: 16/32
 32313 | D:15     | Identified the +4 arbalest of Plunder {elec, rF- rN++}
 32580 | D:15     | Found a large runed translucent door.
 32580 | D:15     | Found a large runed translucent door.
 32582 | D:15     | Noticed Jiecrehi's ghost (journeyman DDFi)
 32624 | D:15     | Killed Jiecrehi's ghost
 32719 | D:15     | Identified the +4 dagger of Tumult {heavy, rF+ rCorr MP+9
                  | Str+3}
 34201 | D:15     | Found a staircase to the Depths.
 34396 | Lair:1   | Bought a +1 helmet of see invisible for 198 gold pieces
 34484 | Spider:1 | Entered Level 1 of the Spider Nest
 34595 | Spider:1 | Learned a level 3 spell: Ozocubu's Armour
 35610 | Spider:2 | Noticed Tacit's ghost (journeyman GrMo)
 35612 | Spider:2 | Found a runed translucent gate.
 35613 | Spider:2 | Found a runed translucent gate.
 35613 | Spider:2 | Found a runed translucent gate.
 36543 | Spider:2 | Reached skill level 15 in Ice Magic
 38045 | Spider:3 | Reached XP level 18. HP: 107/107 MP: 33/33
 38493 | Spider:3 | HP: 2/107 [ghost moth (9)]
 38495 | Spider:3 | You fall into a shaft and drop 1 floor!
 38495 | Spider:4 | Entered Level 4 of the Spider Nest
 39139 | Spider:4 | Identified a scroll of acquirement
 39140 | Spider:4 | Acquired the -2 pair of boots "Loefocio" {rF+ rN+ Regen+
                  | Dex+2}
 40061 | Spider:4 | HP: 5/107 [ghost moth (12)]
 40440 | Spider:4 | Noticed Aizul
 40447 | Spider:4 | Killed Aizul
 40744 | Spider:4 | Found a runed translucent door.
 40745 | Spider:4 | Noticed t4s4d4r's ghost (adept FoFi)
 41366 | Spider:4 | Got a gossamer rune of Zot
 41531 | Spider:4 | Killed t4s4d4r's ghost
 41771 | Shoals:1 | Entered Level 1 of the Shoals
 41941 | Lair:1   | Bought +2 swamp dragon scales for 868 gold pieces
 42029 | Shoals:1 | Reached skill level 1 in Armour
 42366 | Shoals:1 | Noticed a kraken
 42370 | Shoals:1 | Found a transporter.
 42371 | Shoals:1 | Noticed steph's ghost (adept DjFE)
 42446 | Shoals:1 | Found a transporter.
 42764 | Shoals:2 | Noticed Ilsuiw
 42773 | Shoals:2 | Killed Ilsuiw
 43165 | Shoals:2 | Reached skill level 5 in Armour
 43246 | Shoals:2 | Reached XP level 19. HP: 111/112 MP: 26/37
 43554 | Shoals:2 | Found a runed translucent door.
 44237 | Shoals:2 | Identified the amulet of Secrets {Acrobat Int+4}
 44408 | Shoals:3 | Reached skill level 15 in Spellcasting
 45679 | Shoals:4 | Entered Level 4 of the Shoals
 45728 | Shoals:4 | Learned a level 1 spell: Apportation
 45760 | Shoals:4 | Acquired the staff of conjuration "Gyfy" {Dex+5}
 45775 | Shoals:4 | Learned a level 5 spell: Metabolic Englaciation
 45779 | Shoals:4 | Learned a level 2 spell: Sublimation of Blood
 45882 | Shoals:4 | Identified the +7 shortbow of the Equinox {freeze, Contam
                  | rF+ Str+6}
 46572 | Shoals:4 | Got a barnacled rune of Zot
 46916 | Shoals:1 | Killed steph's ghost
 46942 | Shoals:1 | Identified the ring of Birdsong {rPois Will++ Dex+6}
 46945 | Shoals:1 | Identified the ring "Nopiwuor" {+Blink rC+ Str+6 Dex+2}
 47183 | Vaults:1 | Entered Level 1 of the Vaults
 47315 | Vaults:1 | Reached XP level 20. HP: 118/118 MP: 19/39
 47698 | Vaults:1 | Identified the +0 ring mail "Vamatt" {rF+ Will+}
 48622 | Vaults:1 | Reached skill level 1 in Fighting
 48629 | Vaults:1 | Reached skill level 1 in Staves
 48822 | Vaults:1 | Found Itheir's Magic Scroll Emporium.
 48830 | Vaults:1 | Bought a scroll of blinking for 150 gold pieces
 48830 | Vaults:1 | Bought 2 scrolls of magic mapping for 300 gold pieces
 48868 | Vaults:1 | Killed from afar by an ironbound thunderhulk

Illustrated notes

Levels and vault maps discovered:
D:1:      tekkud_arrival_beachfront_property, layout_rooms, serial_shops, shop,
          nicolae_shop_hallway_plus
D:2:      layout_basic, basic_altar, hangedman_decor_lopped,
          nicolae_eternal_life
D:3:      layout_basic, mainiacjoe_overflow_alcove_4,
          mainiacjoe_overflow_tiny_flanked, grunt_ministairs_13,
          chequers_serial_rivers_micro_a
D:4:      layout_layer_cave, tso_oasis_becter,
          mainiacjoe_overflow_small_starburst, minmay_between
D:5:      layout_gridville, fedhas_altar_1
D:6:      layout_basic, lemuel_tele_altar, kennysheep_slug_shrine,
          minmay_temple_entry_crystal_x, serial_shops,
          nicolae_shop_rolling_square, kennysheep_cross_room, st_stairs_5
D:7:      layout_basic, marbit_many_paths, beargit_hepliaklqana_dungeon_heroes,
          enter_bailey_5
D:8:      layout_loops_ring, lemuel_coloured_pillars_altar, led_sif_pool,
          nicolae_qazlal_eye_of_the_storm, uniq_grum, uniq_psyche
D:9:      layout_irregular_city, serial_shops, shop_statue,
          serial_bayou_lagoon_a
D:10:     layout_basic, kennysheep_mini, overflow_temple_1_default, david_orc_4,
          kennysheep_generic_room_9
D:11:     layout_loops_ring, hellmonk_lair_entry_icy,
          maelrawn_ghost_gauntlet_escape, skrybe_limestone_x, uniq_sonja
D:12:     minmay_the_grid_3x3 [minmay_the_grid_empty, minmay_the_grid_fan,
          minmay_the_grid_rooms, minmay_the_grid_slots,
          minmay_the_grid_odd_star, minmay_the_grid_box_x,
          minmay_the_grid_dragon_a, minmay_the_grid_minigrid_small_alt,
          minmay_the_grid_prize_four_corners], layout_long_grid,
          minmay_misc_feat_tiny, minivault_22, uniq_frances, uniq_jorgrun,
          uniq_maurice
D:13:     layout_loops_cross, uniq_snorg
D:14:     layout_loops_ring, erik_vaults_1, nicolae_integral_box,
          nicolae_trove_entry_diagonal, serial_bayou_ford_a,
          cheibrodos_ashenzari_chains, uniq_kirke
D:15:     grunt_enter_depths_snipers, layout_grid_maze, roderic_lattice_a,
          ebering_ghost_disaster_area
Temple:   hellmonk_temple_rainy
Lair:1:   layout_cave_shapes, serial_bayou_shore_b, infiniplex_staircase_pool
Lair:2:   layout_hall_layers, minmay_shoals_entry_hut, gauntlet_entry_generic,
          grunt_megastairs_3
Lair:3:   cheibrodos_lair_river_kwai, layout_hall_layers,
          nicolae_spider_entry_lesser_pyramids, grunt_megastairs_2,
          serial_bayou_shore_a, uniq_fannar
Lair:4:   layout_cave_pods, lemuel_fruit_tree
Lair:5:   evil_forest, layout_cave_shapes, nicolae_slime_entry_slimehenge,
          nicolae_lair_yak_garden
Shoals:1: layout_shoals, ebering_ghost_davey_jones
Shoals:2: nicolae_shoals_lighthouse, layout_shoals, uniq_ilsuiw
Shoals:3: layout_shoals
Shoals:4: shoals_end_grunt_ice, layout_shoals, ldierk_geyser
Spider:1: layout_spider_delve, special_room [special_room_bee],
          guppyfry_spider_mini_3
Spider:2: layout_cave_pods, gammafunk_ghost_split, drop_trap
Spider:3: layout_spider_delve
Spider:4: grunt_spider_rune_parallel, ebering_ghost_reflecting_pool, uniq_aizul
Orc:1:    emtedronai_trogs_sanctum, layout_caves, portal_ice_cave_rime,
          uniq_harold
Orc:2:    st_orc_town, layout_caves, nicolae_orc_lava_tube, mines2_david
Vaults:1: v_rooms_1, hangedman_vaults_stitches, v_misc_30,
          vaults_room_fancy_cross, vaults_room_pool, nicolae_vaults_heist,
          nicolae_vaults_variable_pillar_hall, vaults_dpeg_emergency_exit,
          ontoclasm_vaults_eye, nicolae_vaults_trapezoid_lopsided_1,
          layout_vaults_omnigrid, serial_shops, nicolae_lakefront_shop

Skill      XL: |  1  2  3  4  5  6  7  8  9 10 11 12 13 14 15 16 17 18 19 20 |
---------------+-------------------------------------------------------------+-----
Conjurations   | 5 6 7 9 11 12 13 16 19 21 | 21.2
Hexes          | 3 4 |  4.0
Translocations | 3 4 5 |  5.6
Spellcasting   | 5 9 10 11 14 15 | 15.0
Earth Magic    | 6 8 |  8.0
Ice Magic      | 3 4 11 15 16 18 19 | 19.1
Air Magic      | 3 |  3.0
Armour         | 5 6 |  6.2
Fighting       | 2 |  2.6
Staves         | 2 |  2.6
Dodging        | |  2.0
Stealth        | |  2.0

Action                     |  1- 3 |  4- 6 |  7- 9 | 10-12 | 13-15 | 16-18 | 19-21 || total
---------------------------+-------+-------+-------+-------+-------+-------+-------++-------
  Melee: Unarmed           |     4 |       |       |       |       |       |       ||     4
         Short sword       |    30 |    12 |     3 |       |       |       |       ||    45
         Punch             |       |     1 |     1 |       |     1 |       |       ||     3
         Trident           |       |       |    14 |       |       |       |       ||    14
         Flail             |       |       |    13 |       |    30 |     5 |       ||    48
         Quarterstaff      |       |       |     3 |    83 |     8 |       |       ||    94
         Dagger            |       |       |       |       |       |     6 |     2 ||     8
         Staff             |       |       |       |       |       |       |    13 ||    13
  Throw: Throwing net      |       |       |     4 |       |       |       |     1 ||     5
         Dart              |       |       |       |     7 |     5 |    10 |     1 ||    23
   Cast: Magic Dart        |    11 |       |       |       |       |       |       ||    11
         Searing Ray       |    24 |    51 |    50 |    66 |       |       |       ||   191
         Fulminant Prism   |       |       |    11 |    61 |     3 |       |       ||    75
         Slow              |       |       |     2 |       |       |       |       ||     2
         Iskenderun's Myst |       |       |       |     5 |   148 |   297 |    85 ||   535
         Iron Shot         |       |       |       |    14 |   158 |   223 |    43 ||   438
         Freezing Cloud    |       |       |       |     8 |    59 |    73 |     5 ||   145
         Frozen Ramparts   |       |       |       |       |       |    40 |       ||    40
         Swiftness         |       |       |       |       |       |     4 |       ||     4
         Ozocubu's Armour  |       |       |       |       |       |     2 |       ||     2
         Ozocubu's Refrige |       |       |       |       |       |    69 |   171 ||   240
         Apportation       |       |       |       |       |       |       |     4 ||     4
 Invoke: Call Merchant     |       |       |       |     1 |     2 |     3 |       ||     6
  Evoke: Wand              |       |       |       |     4 |    15 |    26 |     7 ||    52
         Phantom mirror    |       |       |       |       |     2 |     1 |       ||     3
         Box of beasts     |       |       |       |       |       |       |     1 ||     1
    Use: Scroll            |     5 |     5 |     3 |    12 |     8 |    22 |    16 ||    71
         Potion            |     1 |     1 |     3 |     5 |     4 |    14 |     5 ||    33
   Stab: Sleeping          |     1 |       |       |       |       |       |       ||     1
         Distracted        |       |       |     1 |       |       |       |       ||     1
 Armour: Robe              |     8 |    10 |    15 |    45 |    57 |    72 |       ||   207
         Swamp dragon scal |       |       |       |       |       |       |    34 ||    34
  Dodge: Dodged            |    43 |    22 |   102 |   254 |   115 |   129 |    48 ||   713
  Block: Other             |       |       |     1 |       |       |       |       ||     1
         Reflection        |       |       |     1 |       |       |       |       ||     1
